 Dungeon Crawl Stone Soup version 0.23.0 (webtiles) character file.

Game seed: 11851386779392231144

63 Lanoc the Poker (level 4, 0/38 HPs)
             Began as a Gnoll Wanderer on Feb 15, 2019.
             Was an Initiate of Makhleb.
             Succumbed to an adder's poison
             ... on level 2 of the Dungeon.
             The game lasted 00:02:32 (1148 turns).

Lanoc the Poker (Gnoll Wanderer)                    Turns: 1148, Time: 00:02:32

Health: 0/38       AC:  5    Str: 12 (14) XL:     4   Next: 10%
Magic:  5/5        EV: 11    Int: 14 (17) God:    Makhleb [......]
Gold:   49         SH:  0    Dex: 11 (13) Spells: 5/5 levels left

rFire    . . .     SeeInvis +   d - +0 spear
rCold    . . .     Gourm    .   (no shield)
rNeg     . . .     Faith    .   c - +0 ring mail
rPois    .         Spirit   .   (no helmet)
rElec    .         Reflect  .   (no cloak)
rCorr    .         Harm     .   (no gloves)
MR       .....                  (no boots)
Stlth    ++........             (no amulet)
HPRegen  0.12/turn              h - ring of see invisible (curse)
MPRegen  0.09/turn              (no ring)

@: lethally poisoned (0 -> -1), flying, hasted (expiring), very quick
A: distributed training, fangs 1, strong nose
a: Renounce Religion


You were on level 2 of the Dungeon.
You worshipped Makhleb.
Makhleb was noncommittal.
You were hungry.

You visited 1 branch of the dungeon, and saw 2 of its levels.

You collected 49 gold pieces.

Inventory:

Hand Weapons
 a - a +2 dagger
 d - a +0 spear (weapon)
Missiles
 g - 18 sling bullets
Armour
 c - a +0 ring mail (worn)
Jewellery
 h - a cursed ring of see invisible (left hand)
Scrolls
 b - a scroll of enchant armour {unknown}
 e - 2 scrolls of identify
 i - a scroll of enchant weapon {unknown}
 j - a scroll of fear {unknown}
 l - 2 scrolls of immolation {unknown}
 m - a scroll of amnesia {unknown}
 n - a scroll of teleportation
Comestibles
 f - a ration


   Skills:
 + Level 4.6 Fighting
 + Level 1.0 Short Blades
 + Level 1.0 Long Blades
 + Level 1.0 Axes
 + Level 2.7 Maces & Flails
 + Level 4.6 Polearms
 + Level 1.0 Staves
 + Level 1.0 Slings
 + Level 1.0 Bows
 + Level 1.0 Crossbows
 + Level 2.7 Throwing
 + Level 2.7 Armour
 + Level 2.7 Dodging
 + Level 4.2 Stealth
 + Level 1.0 Shields
 + Level 1.0 Unarmed Combat
 + Level 1.0 Spellcasting
 + Level 0.7 Conjurations
 + Level 0.7 Hexes
 + Level 0.7 Charms
 + Level 0.7 Summonings
 + Level 0.7 Necromancy
 + Level 0.7 Translocations
 + Level 0.7 Transmutations
 + Level 0.7 Fire Magic
 + Level 0.7 Ice Magic
 + Level 0.7 Air Magic
 + Level 0.7 Earth Magic
 + Level 0.7 Poison Magic
 + Level 1.1 Invocations
 + Level 1.0 Evocations


You had 5 spell levels left.
You didn't know any spells.
Your spell library was empty.

Dungeon Overview and Level Annotations

Branches:
Dungeon (2/15)

Altars:
Makhleb


Innate Abilities, Weirdness & Mutations

Your experience applies equally to all skills.
You have very sharp teeth.
Your uncanny sense of smell can sniff out nearby items.


Message History

* * * LOW HITPOINT WARNING * * *
You feel sick.
You see here a yellow potion.
It was a potion of degeneration.
There was something very wrong with that liquid.
You feel weakened.
You feel dopey.
You feel clumsy.
* * * LOW HITPOINT WARNING * * *
You feel sick.
* * * LOW HITPOINT WARNING * * *
You feel sick.
Found a scroll labeled GICODI ZYSTO.
You see here a scroll labeled GICODI ZYSTO.
b - a scroll labeled GICODI ZYSTO
* * * LOW HITPOINT WARNING * * *
You feel sick.
As you read the scroll labeled MEICACH POEWEBB, it crumbles to dust.
It is a scroll of identify.
n - a scroll of teleportation Your extra speed is starting to run out.
You die...

#.# #. #.# #.# ### #.#
∆ ... #.# #.# ###.#
#.# #. #...# #.# #.
#.### #.# #. #.# #@#
#. #.# #.# #. #.# #.#
#.# #. #.# #####S# #.#
#. #<# #.....# #.#
######. #.# #.#####
#.# #.....# #.# #.#
#.# #.###.. #.#
#.##### #.# #.# #..
#.#
#.....###.######.###.#


You could see an adder.

Vanquished Creatures
  A hound (D:2)
  An adder (D:2)
  2 worms (D:2)
  A dart slug (D:1)
  A leopard gecko (D:2)
  3 bats (D:1)
  5 goblins
  A quokka (D:2)
  A frilled lizard (D:2)
  A kobold (D:2)
  2 rats
19 creatures vanquished.

Notes
Turn   | Place    | Note
-------+----------+-------------------------------------------
     0 | D:1      | Lanoc the Gnoll Wanderer began the quest for the Orb.
     0 | D:1      | Lanoc set off with the following items: a +2 dagger, a
                  | potion of haste, a +0 ring mail, a +0 spear, a ration
     0 | D:1      | Reached XP level 1. HP: 20/20 MP: 1/1
   401 | D:1      | Reached XP level 2. HP: 21/26 MP: 2/2
   957 | D:2      | Reached XP level 3. HP: 26/31 MP: 3/3
  1041 | D:2      | Found a burning altar of Makhleb.
  1052 | D:2      | Reached skill level 1 in Short Blades
  1052 | D:2      | Reached skill level 1 in Long Blades
  1052 | D:2      | Reached skill level 1 in Axes
  1052 | D:2      | Reached skill level 1 in Staves
  1052 | D:2      | Reached skill level 1 in Slings
  1052 | D:2      | Reached skill level 1 in Bows
  1052 | D:2      | Reached skill level 1 in Crossbows
  1052 | D:2      | Reached skill level 1 in Shields
  1052 | D:2      | Reached skill level 1 in Unarmed Combat
  1052 | D:2      | Reached skill level 1 in Spellcasting
  1052 | D:2      | Reached skill level 1 in Invocations
  1052 | D:2      | Reached skill level 1 in Evocations
  1052 | D:2      | Reached XP level 4. HP: 23/38 MP: 3/5
  1057 | D:2      | Became a worshipper of Makhleb the Destroyer
  1136 | D:2      | HP: 1/38 [poisoned by an adder]
  1143 | D:2      | HP: 1/38 [poisoned by an adder]
  1148 | D:2      | Succumbed to an adder's poison

Skill      XL: |  1  2  3 |
---------------+----------+-----
Short Blades   | 1 |  1.0
Long Blades    | 1 |  1.0
Axes           | 1 |  1.0
Staves         | 1 |  1.0
Slings         | 1 |  1.0
Bows           | 1 |  1.0
Crossbows      | 1 |  1.0
Shields        | 1 |  1.0
Unarmed Combat | 1 |  1.0
Spellcasting   | 1 |  1.0
Invocations    | 1 |  1.1
Evocations     | 1 |  1.0
Fighting       | |  4.6
Maces & Flails | |  2.7
Polearms       | |  4.6
Throwing       | |  2.7
Armour         | |  2.7
Dodging        | |  2.7
Stealth        | |  4.2
Conjurations   | |  0.7
Hexes          | |  0.7
Charms         | |  0.7
Summonings     | |  0.7
Necromancy     | |  0.7
Translocations | |  0.7
Transmutations | |  0.7
Fire Magic     | |  0.7
Ice Magic      | |  0.7
Air Magic      | |  0.7
Earth Magic    | |  0.7
Poison Magic   | |  0.7

Action                   |  1- 3 |  4- 6 || total
-------------------------+-------+-------++-------
Melee: Spear             |    84 |    28 ||   112
       Bite              |    11 |     3 ||    14
  Use: Potion            |       |     3 ||     3
       Scroll            |       |     1 ||     1
 Stab: Sleeping          |     3 |       ||     3
Armor: Ring mail         |    17 |    13 ||    30
Dodge: Dodged            |    21 |    14 ||    35
